 Dungeon Crawl Stone Soup version 0.29.1-13-g9f3cf754e1 (webtiles) character file.

Game seed: 6430725595471301342

53 safid the Chiller (level 3, -3/24 HPs)
             Began as a Merfolk Ice Elementalist on Jan 13, 2023.
             Slain by Robin
             ... wielding a +0 spear
              (6 damage)
             ... on level 2 of the Dungeon on Jan 23, 2023.
             The game lasted 00:05:09 (2790 turns).

safid the Chiller (Merfolk Ice Elementalist)        Turns: 2790, Time: 00:05:09

Health: -3/24      AC:  2    Str:  8    XL:     3   Next: 89%
Magic:  3/7        EV: 12    Int: 16    God:
Gold:   82         SH:  0    Dex: 14    Spells: 4/8 levels left

rFire   . . .      SeeInvis .   p - +4 short sword
rCold   . . .      Faith    .   (no shield)
rNeg    . . .      Spirit   .   a - +0 robe
rPois   .          Reflect  .   (no helmet)
rElec   .          Harm     .   (no cloak)
rCorr   .          Rampage  .   (no gloves)
Will    .....                   (no boots)
Stlth   ++........              (no amulet)
HPRegen 0.08/turn               (no ring)
MPRegen 0.10/turn               (no ring)

@: freezing walls
A: (nimble swimmer 2), mertail
a: no special abilities


You were on level 2 of the Dungeon.
You visited 1 branch of the dungeon, and saw 2 of its levels.

You collected 82 gold pieces.

Inventory:

Hand Weapons
 p - a +4 short sword (weapon)
Armour
 a - a +0 robe (worn)
Jewellery
 i - a ring of ice
Scrolls
 d - a scroll of immolation {unknown}
 e - a scroll of fear {unknown}
 f - 4 scrolls of poison {unknown}
 g - 2 scrolls of identify {unknown}
 h - 3 scrolls of magic mapping {unknown}
 n - a scroll of amnesia {unknown}
 o - a scroll of teleportation {unknown}
 r - a scroll of vulnerability {unknown}
Potions
 b - 2 potions of magic
 c - a potion of berserk rage {unknown}
 j - a potion of ambrosia {unknown}
 k - a potion of resistance {unknown}
 l - a potion of flight {unknown}
 m - a potion of brilliance {unknown}
 q - a potion of degeneration {unknown}


   Skills:
 - Level 2.6 Dodging
 - Level 2.1 Stealth
 + Level 3.0 Spellcasting
 + Level 5.2 Ice Magic


You had 4 spell levels left.
You knew the following spells:

 Your Spells              Type           Power      Damage    Failure   Level
a - Freeze                Ice            76%        1d9       2%          1
b - Frozen Ramparts       Ice            38%        1d6       7%          3

Your spell library contained the following spells:

 Spells                   Type           Power      Damage    Failure   Level
 Ozocubu's Armour         Ice            19%        N/A       7%          3
 Hailstorm                Conj/Ice       10%        3d5       54%         4


Dungeon Overview and Level Annotations

Branches:
Dungeon (2/15)

Altars:
Ru

Annotations:
D:2 Robin


Innate Abilities, Weirdness & Mutations

((You are very nimble when in or above water. (Stealth+, EV+, Speed+++)))
Your lower body shifts to a powerful aquatic tail in water.


Message History

There is a stone staircase leading down here.
You start resting.
Magic restored.
You start resting.
HP restored.
You climb downwards.
Level annotation: Robin Robin roars a battlecry!
The hobgoblin goes into a battle-frenzy!
The hobgoblin hits you! The hobgoblin hits you. Robin hits you with a +0 spear.
There is a stone staircase leading up, spattered with blood here.
Casting: Freeze (safe; 2% risk of failure)
Confirm with . or Enter, or press ? or * to list all spells.
The spell is quite dangerous to miscast (7% risk of failure)!
Continue anyway? [Y]es or [N]o only, please.
The spell is quite dangerous to miscast (7% risk of failure)!
Continue anyway?
Okay, then.
Unknown command.
Casting: Frozen Ramparts (quite dangerous; 7% risk of failure)
Confirm with . or Enter, or press ? or * to list all spells.
The spell is quite dangerous to miscast (7% risk of failure)!
Continue anyway? [Y]es or [N]o only, please.
The spell is quite dangerous to miscast (7% risk of failure)!
Continue anyway?
Casting: Frozen Ramparts (quite dangerous; 7% risk of failure)
Press: ? - help, Dir - look around, f - activate A stone staircase leading up, spattered with blood.
The walls around you are covered in ice.
The wall freezes Robin.
Robin barely misses you.
The wall freezes the hobgoblin.
The hobgoblin hits you.
* * * LOW HITPOINT WARNING * * *
Casting: Frozen Ramparts (quite dangerous; 7% risk of failure)
Confirm with . or Enter, or press ? or * to list all spells.
Aiming: Freeze (safe; 2% risk of failure)
Press: ? - help, Shift-Dir - straight line, f - hobgoblin
Aim: a hobgoblin, quivering stones (severely wounded, strong)
You freeze the hobgoblin.
You kill the hobgoblin!
The wall freezes Robin but does no damage.
Robin hits you with a +0 spear.
You die...

.......# ###.# #.#
.......# ##...# #.#
.......# ##..### #.#
.......# #..## #.#
.......# #.## #.#
..(....#####.## #.#
..............# #.#
####'#....###.#########.#
.....#..#.###.#(@.......#
####...........g...######
#..>##.###.####.#
#.#.##.# #.# #.#
#.#.##.###.## #.#
#.#.#....g..# #.#
#.#.######..# #.#
#...........# #.###
###.#######.# #.#.#


You could see Robin.

Vanquished Creatures
  2 dart slugs (D:1)
  A bat (D:1)
  2 endoplasms
  2 giant cockroaches
  15 goblins
  8 hobgoblins
  2 jackals (D:1)
  A quokka (D:1)
  6 ball pythons
  4 kobolds
  A rat (D:1)
44 creatures vanquished.

Notes
Turn   | Place    | Note
-------+----------+-------------------------------------------
     0 | D:1      | safid the Merfolk Ice Elementalist began the quest for the
                  | Orb.
     0 | D:1      | Reached XP level 1. HP: 13/13 MP: 3/3
   363 | D:1      | Reached XP level 2. HP: 19/19 MP: 0/5
   429 | D:1      | Upgraded the game from 0.29.1-12-g30fa7ad0bf to
                  | 0.29.1-13-g9f3cf754e1
   429 | D:1      | Found a faded altar of an unknown god.
  1331 | D:1      | Reached XP level 3. HP: 23/24 MP: 4/6
  1335 | D:1      | Learned a level 3 spell: Frozen Ramparts
  1661 | D:2      | Reached skill level 5 in Ice Magic
  1931 | D:2      | Found a sacrificial altar of Ru.
  2231 | D:2      | Identified the +0 helmet of Guomny {Rampage *Slow SInv}
  2231 | D:2      | Noticed Robin
  2790 | D:2      | Slain by Robin

Illustrated notes

Levels and vault maps discovered:
D:1:      saegor_arrival_fortress, layout_basic, ebering_ecumenical_altar_rust,
          chequers_serial_rivers_micro_a, chequers_avenue
D:2:      layout_basic, basic_altar, uniq_robin

Skill      XL: |  1  2  3 |
---------------+----------+-----
Ice Magic      | 5 |  5.2
Spellcasting   | 3 |  3.0
Dodging        | |  2.6
Stealth        | |  2.1

Action                   || total
-------------------------++-------
Melee: Whip              ||    33
       Tailslap          ||     1
       Short sword       ||    20
 Cast: Freeze            ||    45
       Frozen Ramparts   ||     3
Armor: Robe              ||    23
Dodge: Dodged            ||    99
